 Dungeon Crawl Stone Soup version 0.20.1-1-g8b1a95d (webtiles) character file.

13968 raph the Arsonist (level 11, -1/60 HPs)
             Began as a Deep Elf Fire Elementalist on Oct 1, 2017.
             Was a Priest of Kikubaaqudgha.
             Slain by a hell rat (16 damage)
             ... on level 2 of the Lair of Beasts.
             The game lasted 00:52:57 (17647 turns).

raph the Arsonist (Deep Elf Fire Elementalist)     Turns: 17647, Time: 00:52:58

Health: -1/60      AC: 12    Str: 13    XL:     11   Next: 82%
Magic:  19/26      EV: 18    Int: 23    God:    Kikubaaqudgha [***...]
Gold:   427        SH:  8    Dex: 21    Spells: 2/29 levels left

rFire    + . .     SeeInvis .   f - +3 dagger (protect)
rCold    + . .     Gourm    .   v - +2 buckler
rNeg     . . .     Faith    .   C - +3 leather armour {rPois}
rPois    +         Spirit   .   T - +0 hat of Foolhardiness {*Drain Str+7 Dex+6} (curse)
rElec    .         Reflect  .   M - scarf {rC+ rF+}
rCorr    .         Harm     .   l - +2 pair of gloves
MR       +....     Rnd*Tele +   U - +1 pair of boots
Stlth    ++........             I - amulet of regeneration
Regen    0.6/turn               Q - ring of teleportation (curse)
MPRegen  0.2/turn               (no ring)

@: drained
A: no striking features
a: Receive Corpses, Renounce Religion


You were on level 2 of the Lair of Beasts.
You worshipped Kikubaaqudgha.
Kikubaaqudgha was most pleased with you.
You were not hungry.

You visited 3 branches of the dungeon, and saw 14 of its levels.

You collected 670 gold pieces.
You spent 243 gold pieces at shops.

Inventory:

Hand Weapons
 f - a +3 dagger of protection (weapon)
 J - a +3 dagger of flaming
Missiles
 p - 5 javelins (quivered)
 E - 348 stones
Armour
 l - a +2 pair of gloves (worn)
 v - a +2 buckler (worn)
 C - a +3 leather armour of poison resistance (worn)
 M - a scarf of resistance (worn)
 T - the cursed +0 hat of Foolhardiness (worn) {*Drain Str+7 Dex+6}
   (You bought it in a shop on level 10 of the Dungeon)

   It affects your strength (+7).
   It affects your dexterity (+6).
   It causes draining when unequipped.
   It has a curse placed upon it.
 U - a +1 pair of boots (worn)
Magical Staves
 a - an uncursed staff of poison
Jewellery
 t - an uncursed amulet of the gourmand
 I - an amulet of regeneration (around neck)
 Q - a cursed ring of teleportation (left hand)
Wands
 k - a wand of scattershot (2/9)
 n - a wand of iceblast (9/15)
 x - a wand of confusion (24/48)
 y - a wand of disintegration (18/24)
 B - a wand of acid (7/15)
 L - a wand of flame (14/48)
 N - a wand of confusion (20/48)
 S - a wand of iceblast (7/15)
Scrolls
 h - 3 scrolls of magic mapping
 j - 9 scrolls of teleportation
 G - 3 scrolls of remove curse
 K - 4 scrolls of identify
 O - a scroll of blinking
 P - a scroll of fear
Potions
 e - 4 potions of lignification
 g - a potion of magic
 m - 2 potions of invisibility
 q - 5 potions of brilliance
 r - 6 potions of berserk rage
 s - 3 potions of flight
 u - 2 potions of mutation
 w - 5 potions of curing
 z - 2 potions of ambrosia
 A - 2 potions of agility
 R - a potion of resistance
Books
 D - a book of Geomancy

   Spells                             Type                      Level
   a - Sandblast                      Earth                        1
   b - Passwall                       Transmutation/Earth          2
   c - Stone Arrow                    Conjuration/Earth            3
   d - Petrify                        Transmutation/Earth          4
   e - Lee's Rapid Deconstruction     Earth                        5
 H - Kikubaaqudgha's Disquisition on Evil Rites
   (Kikubaaqudgha gifted it to you on level 10 of the Dungeon)

   Spells                             Type                      Level
   a - Animate Skeleton               Necromancy                   1
   b - Corpse Rot                     Necromancy                   2
   c - Sublimation of Blood           Necromancy                   2
   d - Regeneration                   Charms/Necromancy            3
   e - Control Undead                 Necromancy                   4
 V - Kikubaaqudgha's Handbook of Evil Rituals
   (Kikubaaqudgha gifted it to you on level 11 of the Dungeon)

   Spells                             Type                      Level
   a - Excruciating Wounds            Charms/Necromancy            5
   b - Agony                          Necromancy                   5
   c - Cigotuvi's Embrace             Necromancy                   5
   d - Dispel Undead                  Necromancy                   5
   e - Death Channel                  Necromancy                   6
 W - a book of Changes

   Spells                             Type                      Level
   a - Beastly Appendage              Transmutation                1
   b - Sticks to Snakes               Transmutation                2
   c - Spider Form                    Transmutation/Poison         3
   d - Ice Form                       Ice/Transmutation            4
   e - Blade Hands                    Transmutation                5
Comestibles
 b - 4 chunks of flesh
 c - 7 bread rations
 d - 5 meat rations
 i - 5 fruits
 o - a royal jelly


   Skills:
 + Level 3.5(2.8) Fighting
 + Level 5.3(4.5) Armour
 + Level 8.6(7.7) Dodging
 - Level 2.8(2.1) Stealth
 - Level 4.7(3.9) Shields
 + Level 9.8(9.0) Spellcasting
 + Level 9.2(8.3) Conjurations
 * Level 5.8(5.0) Necromancy
 + Level 10.3(9.4) Fire Magic
 + Level 1.0(0.4) Evocations


You had 2 spell levels left.
You knew the following spells:

 Your Spells              Type           Power        Failure   Level  Hunger
a - Flame Tongue          Conj/Fire      #####        1%          1    None
b - Throw Flame           Conj/Fire      ######       1%          2    None
c - Conjure Flame         Conj/Fire      ######..     1%          3    None
d - Inner Flame           Hex/Fire       ####....     3%          3    None
e - Sticky Flame          Conj/Fire      ######..     1%          4    ##.....
f - Sandblast             Erth           ##....       8%          1    None
g - Fireball              Conj/Fire      ######....   5%          5    ####...
h - Stone Arrow           Conj/Erth      ####..       4%          3    None
i - Animate Skeleton      Necr           N/A          1%          1    None
j - Corpse Rot            Necr           N/A          1%          2    None
k - Sublimation of Blood  Necr           ####......   1%          2    None


Dungeon Overview and Level Annotations

Branches:
Dungeon (11/15)            Temple (1/1) D:5            Lair (2/6) D:11
  Swamp: Lair:2-4    Shoals: Lair:2-4     Snake: Lair:2-4    Spider: Lair:2-4
    Orc: D:9-12

Altars:
Ashenzari
Cheibriados
Dithmenos
Elyvilon
Fedhas
Gozag
Hepliaklqana
Kikubaaqudgha
Makhleb
Nemelex Xobeh
Okawaru
Qazlal
Ru
Sif Muna
Trog
Uskayaw
Vehumet
Xom
Yredelemnul
Zin
The Shining One

Shops:
D:10 [

Portals:
Ice
Cave: Lair:2

Annotations:
D:7 1 runed door


Message History

Your Evocations skill increases to level 1!
You block the hell rat's attack.
The hell rat bites you but does no damage.
The hell rat completely misses you. The hell rat bites you!
You feel drained. You block the hell rat's attack. x2
You see here a yak corpse.
Casting: Flame Tongue
Confirm with . or Enter, or press ? or * to list all spells.
You attempt to give life to the dead...
Before your eyes, flesh is ripped from the corpse!
The dead are walking!
The hell rat closely misses you. The hell rat bites you!
* * * LOW HITPOINT WARNING * * *
You feel drained.
* * * LOW HITPOINT WARNING * * *
You see here 6 chunks of flesh.
The hell rat misses you. You block the hell rat's attack.
There is a stone staircase leading up, spattered with blood here.
You block the hell rat's attack. The hell rat bites you!
You die...
Kikubaaqudgha rasps: "You have failed me!
Welcome... death!"

#............,,,,,,,***
*P...........,,,,,,,,,,
##............,,,,,,,,,
#.............,,,,,,,,,
##...#,P......,,,,,,,,,
#...###P.#....,,,,,,*,*
*#.r......#...,,,,,,,,,
#.##YZ.......,,,,,,,,,
#..#Y@...##.,,,,,,,,,,
#.#.rr....#,,,,,,,,,,,
##.##..........,,,,,,,,
#Pr##.................,
#.Yr#.....##....+.....,
##r#######......#.....,
#.Y##.###.#.....#..#..
#.Y...Y...............
#.....................


You could see 2 yaks, 3 hell rats and a friendly yak skeleton.

Vanquished Creatures
  A hydra (Lair:2)
  A centaur warrior (D:10)
  A two-headed ogre (D:7)
  Pikel (D:6)
  2 spiny frogs
  2 trolls
  A merfolk (D:9)
  6 hippogriffs
  A wyvern (D:10)
  8 yaks
  3 hungry ghosts
  Menkaure (D:6)
  Duvessa (D:6)
  4 ice beasts
  4 porcupines
  3 black bears
  7 orc warriors
  A slave (D:6)
  4 sky beasts
  7 ogres
  A phantom (D:4)
  An eye of draining (D:10)
  A crocodile (Lair:2)
  5 centaurs
  2 big kobolds
  A gnoll sergeant (D:11)
  7 bullfrogs
  A wyvern zombie (D:10)
  Dowan (D:6)
  4 scorpions
  6 killer bees (D:9)
  15 wights
  A howler monkey (D:4)
  6 crimson imps
  A centaur zombie (D:8)
  A quasit (D:10)
  3 jellies
  A gnoll shaman (D:3)
  4 hounds
  A centaur skeleton (D:7)
  A bullfrog skeleton (D:7)
  8 orc priests
  12 orc wizards
  7 iguanas
  5 worker ants
  4 hell rats (Lair:2)
  A killer bee zombie (D:10)
  A mummy (D:8)
  2 hound skeletons
  2 howler monkey zombies
  8 gnolls
  8 adders
  4 shadow imps
  2 worms
  A dart slug (D:1)
  3 leopard geckos
  66 orcs
  2 ball pythons
  9 bats
  13 giant cockroaches
  8 goblins
  5 hobgoblins
  10 jackals
  20 kobolds
  5 quokkas
  A ball python skeleton (D:4)
  6 frilled lizards
  A jackal skeleton (D:6)
  7 rats
344 creatures vanquished.

Vanquished Creatures (collateral kills)
  A water moccasin (Lair:1)
  4 bullfrogs (Lair:1)
  A fungus (D:11)
6 creatures vanquished.

Vanquished Creatures (others)
  A fungus (Lair:2)
  2 plants
3 creatures vanquished.

Grand Total: 353 creatures vanquished

Notes
Turn   | Place    | Note
-------+----------+-------------------------------------------
     0 | D:1      | raph the Deep Elf Fire Elementalist began the quest for the Orb.
     0 | D:1      | Reached XP level 1. HP: 10/10 MP: 6/6
   211 | D:1      | Reached XP level 2. HP: 15/15 MP: 4/8
   247 | D:1      | Learned a level 2 spell: Throw Flame
  1024 | D:2      | Reached XP level 3. HP: 12/19 MP: 0/9
  1181 | D:2      | Reached skill level 4 in Fire Magic
  1264 | D:2      | Learned a level 3 spell: Conjure Flame
  1613 | D:2      | Reached XP level 4. HP: 24/24 MP: 5/10
  1621 | D:2      | Learned a level 3 spell: Inner Flame
  2208 | D:2      | Found a shimmering altar of Xom.
  2680 | D:3      | Reached XP level 5. HP: 28/28 MP: 9/12
  3607 | D:3      | Reached skill level 5 in Fire Magic
  3737 | D:4      | Reached skill level 1 in Shields
  3737 | D:4      | Reached XP level 6. HP: 32/32 MP: 5/13
  4044 | D:4      | Learned a level 4 spell: Sticky Flame
  4895 | D:4      | Reached skill level 1 in Armour
  4895 | D:4      | Reached XP level 7. HP: 27/36 MP: 5/15
  4987 | D:4      | Learned a level 1 spell: Sandblast
  5977 | D:5      | Entered Level 5 of the Dungeon
  6128 | D:5      | Reached skill level 5 in Conjurations
  6607 | D:5      | Found a shimmering altar of Xom.
  6928 | D:5      | Reached skill level 5 in Spellcasting
  7193 | D:5      | Found a staircase to the Ecumenical Temple.
  7204 | Temple   | Entered the Ecumenical Temple
  7420 | D:5      | Reached XP level 8. HP: 41/41 MP: 11/17
  7527 | D:6      | Noticed Menkaure
  7531 | D:6      | Killed Menkaure
  7531 | D:6      | Reached skill level 6 in Fire Magic
  7763 | D:6      | Noticed Duvessa
  7764 | D:6      | Noticed Dowan
  7801 | D:6      | Killed Duvessa
  7959 | D:6      | Killed Dowan
  7959 | D:6      | Reached skill level 5 in Dodging
  8077 | D:6      | Noticed Pikel
  8087 | D:6      | Killed Pikel
  8087 | D:6      | Reached skill level 7 in Fire Magic
  8176 | D:6      | Found a stormy altar of Qazlal.
  8311 | D:6      | Found a sacrificial altar of Ru.
  8321 | D:6      | Reached XP level 9. HP: 45/45 MP: 7/19
  9277 | D:7      | Noticed a two-headed ogre
  9296 | D:7      | Killed a two-headed ogre
  9296 | D:7      | Reached skill level 8 in Fire Magic
  9640 | D:7      | Found a runed door.
  9640 | D:7      | Noticed a sixfirhy
  9698 | D:7      | Reached XP level 10. HP: 50/50 MP: 8/23
  9960 | D:7      | Found an opulent altar of Gozag.
  9960 | D:7      | Found a glowing golden altar of the Shining One.
 10519 | D:8      | Found a snail-covered altar of Cheibriados.
 10718 | D:8      | Learned a level 5 spell: Fireball
 11000 | D:8      | Learned a level 3 spell: Stone Arrow
 11047 | D:8      | Reached skill level 9 in Fire Magic
 11267 | D:8      | Found an ancient bone altar of Kikubaaqudgha.
 11267 | D:8      | Found a deep blue altar of Sif Muna.
 11268 | D:8      | Found a radiant altar of Vehumet.
 11270 | D:8      | Identified Kikubaaqudgha's Incunabulum of Evil Secrets
 11287 | D:8      | Became a worshipper of Kikubaaqudgha
 11542 | D:9      | Reached skill level 1 in Necromancy
 12248 | D:9      | Found a bloodstained altar of Trog.
 12252 | D:9      | Found an iron altar of Okawaru.
 12407 | D:9      | Found a basalt altar of Yredelemnul.
 12536 | D:9      | Reached skill level 1 in Fighting
 12636 | D:10     | Entered Level 10 of the Dungeon
 12640 | D:10     | Reached * piety under Kikubaaqudgha
 12640 | D:10     | Identified Kikubaaqudgha's Disquisition on Evil Rites (Kikubaaqudgha gifted it to you on level 10 of the Dungeon)
 12640 | D:10     | Received a gift from Kikubaaqudgha
 12641 | D:10     | Noticed a centaur warrior
 13178 | D:10     | Learned a level 1 spell: Animate Skeleton
 13393 | D:10     | Reached ** piety under Kikubaaqudgha
 13485 | D:10     | HP: 1/52 [centaur warrior/arrow (9)]
 13487 | D:10     | Killed a centaur warrior
 13646 | D:10     | Found a burning altar of Makhleb.
 13660 | D:10     | Reached XP level 11. HP: 57/57 MP: 12/25
 14142 | D:9      | Learned a level 2 spell: Corpse Rot
 14390 | D:10     | Found Mevaytz's Antique Armour Emporium.
 14393 | D:10     | Bought a distressingly furry hat for 243 gold pieces
 14403 | D:10     | Identified the cursed +0 hat of Foolhardiness {*Drain Str+7 Dex+6} (You bought it in a shop on level 10 of the Dungeon)
 14952 | D:11     | Learned a level 2 spell: Sublimation of Blood
 15486 | D:11     | Found a staircase to the Lair.
 15670 | D:11     | Reached skill level 5 in Armour
 15672 | D:11     | Reached *** piety under Kikubaaqudgha
 15672 | D:11     | Identified Kikubaaqudgha's Handbook of Evil Rituals (Kikubaaqudgha gifted it to you on level 11 of the Dungeon)
 15672 | D:11     | Received a gift from Kikubaaqudgha
 15961 | D:11     | Reached skill level 10 in Fire Magic
 16241 | Lair:1   | Entered Level 1 of the Lair of Beasts
 16499 | Lair:1   | Reached skill level 5 in Necromancy
 17325 | Lair:2   | Noticed a four-headed hydra
 17334 | Lair:2   | Killed a four-headed hydra
 17447 | Lair:2   | Found a frozen archway.
 17643 | Lair:2   | Reached skill level 1 in Evocations
 17647 | Lair:2   | Slain by a hell rat

Skill      XL: |  1  2  3  4  5  6  7  8  9 10 11 |
---------------+----------------------------------+-----
Fire Magic     | 4 5 7 8 9 10 | 10.3
Conjurations   | 2 3 4 5 6 7 8 9 |  9.2
Dodging        | 3 4 5 6 7 8 |  8.6
Shields        | 1 2 3 4 |  4.7
Spellcasting   | 4 5 7 8 9 |  9.8
Armour         | 1 2 3 4 5 |  5.3
Necromancy     | 3 5 |  5.8
Fighting       | 2 3 |  3.5
Evocations     | 1 |  1.0
Stealth        | |  2.8

Action                   |  1- 3 |  4- 6 |  7- 9 | 10-12 || total
-------------------------+-------+-------+-------+-------++-------
Melee: Dagger            |    26 |    13 |    59 |    39 ||   137
Throw: Javelin           |       |     3 |     2 |       ||     5
 Cast: Flame Tongue      |    77 |   141 |   142 |   231 ||   591
       Conjure Flame     |     1 |     9 |    17 |    17 ||    44
       Inner Flame       |       |     3 |     8 |     6 ||    17
       Throw Flame       |       |     3 |     7 |    11 ||    21
       Sticky Flame      |       |     3 |    14 |    49 ||    66
       Sandblast         |       |       |    21 |    21 ||    42
       Fireball          |       |       |       |    47 ||    47
       Stone Arrow       |       |       |       |    12 ||    12
       Animate Skeleton  |       |       |       |    28 ||    28
       Corpse Rot        |       |       |       |     1 ||     1
Invok: Receive Corpses   |       |       |       |     1 ||     1
Evoke: Wand              |       |       |     2 |     2 ||     4
  Use: Scroll            |       |    18 |     8 |    11 ||    37
       Potion            |       |       |       |     1 ||     1
 Stab: Sleeping          |     3 |       |       |     1 ||     4
       Distracted        |       |       |       |     1 ||     1
  Eat: Chunk             |     2 |    21 |    14 |    21 ||    58
       Royal jelly       |       |       |       |     4 ||     4
       Meat ration       |       |       |       |     1 ||     1
Armor: Robe              |    30 |       |       |       ||    30
       Leather armour    |       |    15 |    42 |    64 ||   121
Dodge: Dodged            |    63 |    42 |    87 |   165 ||   357
Block: Buckler           |       |       |    11 |    85 ||    96
